 Dungeon Crawl Stone Soup version 0.30-a0-305-g026cb31310 (webtiles) character file.

Game seed: 3610537036743895973

1301 koil the Covert (level 8, -4/42 HPs)
             Began as a Spriggan Brigand on Oct 22, 2022.
             Killed from afar by a steam dragon (21 damage)
             ... with a ball of steam
             ... on level 7 of the Dungeon.
             The game lasted 00:12:30 (5896 turns).

koil the Covert (Spriggan Brigand)                  Turns: 5896, Time: 00:12:31

Health: -4/42      AC:  3    Str:  7    XL:     8   Next: 31%
Magic:  16/16      EV: 20    Int: 15    God:
Gold:   390        SH:  0    Dex: 16    Spells: 15/17 levels left

rFire   . . .      SeeInvis +    a - +2 dagger
rCold   . . .      Faith    .    (no shield)
rNeg    . . .      Spirit   .    b - +0 robe
rPois   .          Reflect  .    (helmet restricted)
rElec   .          Harm     .    c - +0 cloak
rCorr   .          Rampage  .    (gloves unavailable)
Will    +....                    (boots unavailable)
Stlth   ++++......               (no amulet)
HPRegen 0.27/turn                (no ring)
MPRegen 0.15/turn                (no ring)

@: very quick
A: very small, no large weapons, unfitting armour, see invisible, speed 3
a: no special abilities


You were on level 7 of the Dungeon.
You visited 1 branch of the dungeon, and saw 7 of its levels.

You collected 390 gold pieces.

Inventory:

Hand Weapons
 a - a +2 dagger (weapon)
 i - a +1 dagger of speed
 s - a +2 falchion of holy wrath
Missiles
 d - 19 poisoned darts (quivered)
 e - a curare-tipped dart
Armour
 b - a +0 robe (worn)
 c - a +0 cloak (worn)
Jewellery
 q - an amulet of guardian spirit
 t - an amulet of the acrobat
Wands
 p - a wand of charming (12)
Scrolls
 f - 3 scrolls of fear {unknown}
 m - 3 scrolls of magic mapping {unknown}
 o - a scroll of fog {unknown}
 r - a scroll of poison {unknown}
 u - 4 scrolls of identify {unknown}
 w - a scroll of enchant weapon {unknown}
 x - 2 scrolls of teleportation {unknown}
 y - 2 scrolls of vulnerability {unknown}
 z - 2 scrolls of immolation {unknown}
 A - a scroll of brand weapon {unknown}
Potions
 g - 2 potions of curing {unknown}
 h - 2 potions of resistance {unknown}
 j - 5 potions of lignification {unknown}
 k - 9 potions of degeneration {unknown}
 l - 3 potions of attraction {unknown}
 n - 2 potions of brilliance {unknown}
 v - 3 potions of mutation {unknown}


   Skills:
 + Level 4.0 Fighting
 + Level 5.3 Short Blades
 - Level 2.0 Throwing
 + Level 5.9 Dodging
 + Level 9.2 Stealth
 + Level 5.1 Spellcasting
 + Level 0.4 Hexes


You had 15 spell levels left.
You knew the following spells:

 Your Spells              Type           Power      Damage    Failure   Level
a - Ensorcelled Hibernat  Hex/Ice        8%         N/A       22%         2

Your spell library contained the following spells:

 Spells                   Type           Power      Damage    Failure   Level
 Beastly Appendage        Tmut           6%         N/A       16%         1
 Summon Small Mammal      Summ           12%        N/A       16%         1
 Passwall                 Tmut/Erth      2%         N/A       24%         2
 Wereblood                Tmut           3%         N/A       24%         2
 Summon Guardian Golem    Hex/Summ       4%         N/A       41%         3
 Call Canine Familiar     Summ           3%         N/A       43%         3
 Spider Form              Tmut/Pois      3%         N/A       43%         3
 Swiftness                Air            3%         N/A       43%         3


Dungeon Overview and Level Annotations

Branches:
Dungeon (7/15)
 Temple: D:4-7

Altars:
Hepliaklqana
Makhleb
Uskayaw
Vehumet
The Shining One


Innate Abilities, Weirdness & Mutations

You are very small and have problems with some larger weapons.
You are too small for most types of armour.
You have supernaturally acute eyesight. (SInv)
You cover ground extremely quickly. (Speed+++)


Message History

No target in view!
No target in view!
No target in view!
d - 19 poisoned darts (gained 2)
Things that are here:
a +0 club; a kobold corpse Done exploring.
There is an open door here.
There is a stone staircase leading down here.
You climb downwards.
You hear the roar of battle.
There is an entrance to a bailey on this level.
Hurry and find it before the portal closes forever!
Found a scroll labelled NELYOR QOUBIO.
There is a stone staircase leading up here.
z - 2 scrolls labelled NELYOR QOUBIO (gained 1)
Found a scimitar.
A steam dragon comes into view.
The steam dragon hisses angrily.
You hit the steam dragon.
The steam dragon is lightly wounded.
The steam dragon breathes steam at you. The ball of steam hits you!
You hear a shout! x4
You hit the steam dragon.
The steam dragon is lightly wounded.
You are engulfed in a cloud of scalding steam.
You hit the steam dragon but do no damage.
The steam dragon is lightly wounded.
You are engulfed in a cloud of scalding steam.
The steam dragon bites you. The steam dragon claws you.
You are too injured to fight recklessly!
The steam dragon bites you. The steam dragon claws you.
You hit the steam dragon but do no damage.
The steam dragon is lightly wounded.
You barely miss the steam dragon.
The steam dragon is lightly wounded.
The steam dragon breathes steam at you. The ball of steam hits you!!
Ouch! That really hurt!
You die...

..........#.##
.........####
#........##
..........#
.#...##...###
#........§§##
#...##......###
#.. #...§.§..##
.) #...@D....#
. #......§.#..#
#........# .#
...........# #
...~~≈~~~~...
...~#####≈....
...~ ~...#. ...
~.#..


You could see a steam dragon (catching breath).

Vanquished Creatures
  A sky beast (D:6)
  An ice beast (D:6)
  A black bear (D:5)
  An ogre (D:6)
  A phantom (D:5)
  Blork the orc (D:6)
  5 scorpions
  A howler monkey (D:5)
  3 hounds
  3 jellies
  An orc priest (D:5)
  An iguana (D:4)
  3 gnolls (D:4)
  7 adders
  2 shadow imps
  A white imp (D:6)
  An ufetubus (D:6)
  4 worms
  2 dart slugs
  13 orcs
  2 bats
  An endoplasm (D:3)
  3 giant cockroaches
  5 goblins
  4 hobgoblins
  7 jackals
  5 quokkas
  11 ball pythons
  4 frilled lizards
  6 kobolds
  4 rats
105 creatures vanquished.

Vanquished Creatures (others)
  10 plants (D:2)
10 creatures vanquished.

Grand Total: 115 creatures vanquished

Notes
Turn   | Place    | Note
-------+----------+-------------------------------------------
     0 | D:1      | koil the Spriggan Brigand began the quest for the Orb.
     0 | D:1      | Reached XP level 1. HP: 10/10 MP: 2/2
   234 | D:1      | Reached skill level 6 in Stealth
   366 | D:1      | Reached XP level 2. HP: 15/15 MP: 3/3
   811 | D:1      | Reached skill level 1 in Spellcasting
   928 | D:2      | Reached XP level 3. HP: 17/18 MP: 5/5
  1363 | D:2      | Found a faded altar of an unknown god.
  1637 | D:2      | Reached XP level 4. HP: 21/23 MP: 7/7
  2819 | D:4      | Found a glowing golden altar of the Shining One.
  2899 | D:4      | Identified the +3 leather armour of Anaesthesia {rElec
                  | Str+5 Slay-2 SInv}
  3106 | D:4      | Reached XP level 5. HP: 15/27 MP: 9/9
  3553 | D:4      | Found a burning altar of Makhleb.
  3554 | D:4      | Found a hide-covered altar of Uskayaw.
  3555 | D:4      | Found a radiant altar of Vehumet.
  3555 | D:4      | Found a hazy altar of Hepliaklqana.
  3595 | D:5      | Entered Level 5 of the Dungeon
  3595 | D:5      | Noticed a black bear
  3612 | D:5      | Reached skill level 7 in Stealth
  3661 | D:5      | Killed a black bear
  3662 | D:5      | Reached XP level 6. HP: 30/32 MP: 11/11
  4214 | D:5      | Reached XP level 7. HP: 36/36 MP: 13/13
  4337 | D:5      | Reached skill level 8 in Stealth
  4749 | D:6      | Reached skill level 5 in Dodging
  4863 | D:6      | Noticed Blork the orc
  4870 | D:6      | Killed Blork the orc
  4879 | D:6      | Reached XP level 8. HP: 42/42 MP: 14/16
  4906 | D:6      | Learned a level 2 spell: Ensorcelled Hibernation
  5010 | D:6      | Reached skill level 5 in Short Blades
  5031 | D:6      | Reached skill level 9 in Stealth
  5242 | D:6      | Reached skill level 5 in Spellcasting
  5896 | D:7      | Killed from afar by a steam dragon

Illustrated notes

Levels and vault maps discovered:
D:1:      lightli_arrival_noodles, layout_loops_corners
D:2:      layout_loops_cross, shapermc_ecumenical_altar_venn,
          serial_bayou_lake_a
D:3:      layout_loops_ring, corexii_corridor_pit,
          ebering_dispersal_statue_hall, kennysheep_nub
D:4:      layout_loops_corners, pf_just_have_faith,
          chequers_temple_overflow_statue_of_worship
D:5:      layout_loops_ring
D:6:      layout_basic, corexii_checkpoint_b, uniq_blork_the_orc
D:7:      kennysheep_housing_project, layout_cave_pools,
          lemuel_zombie_altar_kikubaaqudgha, minmay_temple_entry_offerings,
          serial_shops, nicolae_shop_crystal, nicolae_shop_hallway_plus,
          nicolae_shop_bloodbath_and_beyond, enter_bailey_3, uniq_pikel,
          uniq_joseph

Skill      XL: |  1  2  3  4  5  6  7  8 |
---------------+-------------------------+-----
Stealth        | 6 7 8 9 |  9.2
Spellcasting   | 1 2 3 4 5 |  5.1
Dodging        | 2 3 4 5 |  5.9
Fighting       | 2 3 4 |  4.0
Short Blades   | 3 4 5 |  5.3
Throwing       | |  2.0
Hexes          | |  0.4

Action                   |  1- 3 |  4- 6 |  7- 9 || total
-------------------------+-------+-------+-------++-------
Melee: Dagger            |   120 |   158 |   109 ||   387
       Punch             |       |     2 |     5 ||     7
Throw: Dart              |     9 |    32 |     5 ||    46
 Stab: Sleeping          |    13 |    15 |    10 ||    38
       Distracted        |       |     1 |       ||     1
Armor: Robe              |     7 |     8 |    10 ||    25
Dodge: Dodged            |    99 |    99 |    95 ||   293

Table legend: (Time is in decaauts)
 A = Elapsed time spent in this place.
 B = Non-inter-level travel time spent in this place.
 C = Inter-level travel time spent in this place.
 D = Time resting spent in this place.
 E = Time spent auto-exploring this place.
 F = Levels seen in this place.
 G = Mean time per level.
                   A        B        C        D        E       F      G
               +--------+--------+--------+--------+--------+-----+--------+
         Total |   3998 |   3902 |     96 |     58 |   2944 |   7 |  571.1 |
       Dungeon |   3998 |   3902 |     96 |     58 |   2944 |   7 |  571.1 |
               +--------+--------+--------+--------+--------+-----+--------+

Top non-repeatable levels by time:
     D:6: 786 daAuts
     D:5: 748 daAuts
     D:4: 718 daAuts
     D:2: 605 daAuts
     D:3: 579 daAuts
     D:1: 548 daAuts
     D:7: 12 daAuts
